 Dungeon Crawl Stone Soup version 0.25.0-9-g26727b657a (webtiles) character file.

Game seed: 14416306431336494262

98 Froggeryz the Ruffian (level 4, 0/28 HPs)
             Began as a Gargoyle Monk on June 19, 2020.
             Killed from afar by Natasha (8 damage)
             ... with a magic dart
             ... on level 2 of the Dungeon.
             The game lasted 00:01:12 (1314 turns).

Froggeryz the Ruffian (Gargoyle Monk)               Turns: 1314, Time: 00:01:13

Health: 0/28       AC:  6    Str: 15    XL:     4   Next: 69%
Magic:  4/4        EV: 12    Int: 11    God:
Gold:   66         SH:  0    Dex: 12    Spells: 3/3 levels left

rFire    . . .     SeeInvis .     - Unarmed
rCold    . . .     Gourm    .   (no shield)
rNeg     + . .     Faith    .   e - +0 leather armour (curse)
rPois    ∞         Spirit   .   (no helmet)
rElec    +         Reflect  .   (no cloak)
rCorr    .         Harm     .   (no gloves)
MR       .....                  (no boots)
Stlth    ++........             (no amulet)
HPRegen  0.09/turn              (no ring)
MPRegen  0.09/turn              (no ring)

@: no status effects
A: negative energy resistance 1, electricity resistance, unbreathing,
petrification resistance, rot immunity, AC +3
a: no special abilities


You were on level 2 of the Dungeon.
You were not hungry.

You visited 1 branch of the dungeon, and saw 2 of its levels.

You collected 66 gold pieces.

Inventory:

Armour
 e - a cursed +0 leather armour (worn)
Scrolls
 a - a scroll of fog {unknown}
 g - a scroll of random uselessness {unknown}
 h - a scroll of enchant armour {unknown}
 i - a scroll of identify {unknown}
Potions
 d - a potion of experience {unknown}
 f - a potion of heal wounds {unknown}
Comestibles
 b - 6 rations
 c - 3 chunks of flesh


   Skills:
 - Level 3.2 Fighting
 + Level 2.3 Armour
 - Level 2.4 Dodging
 - Level 2.1 Stealth
 * Level 4.6 Unarmed Combat


You had 3 spell levels left.
You didn't know any spells.
Your spell library was empty.

Dungeon Overview and Level Annotations

Branches:
Dungeon (2/15)

Altars:

Annotations:
D:2 Natasha


Innate Abilities, Weirdness & Mutations

You are resistant to torment.
Your stone body is resilient. (AC +3)
You are immune to poison.
You resist negative energy. (rN+)
You are resistant to electric shocks. (rElec)
You can survive without breathing.
You are immune to petrification.
You are immune to rotting.


Message History

Natasha is severely wounded.
Natasha casts a spell.
You hit Natasha.
Natasha is almost dead.
Natasha casts a spell at you. The magic dart hits you.
You are too injured to fight recklessly!
You are too injured to fight recklessly!
You hit Natasha.
Natasha is almost dead.
Natasha misses you. The shadow imp hits you. Natasha casts a spell at you.
The magic dart hits you.
* * * LOW HITPOINT WARNING * * *
You hit Natasha but do no damage.
Natasha is almost dead.
The shadow imp completely misses you. Natasha casts a spell at you.
The magic dart hits you!
You die...

#... ######### ### #.#.
#.......# ##.###...
#.......# ##.#.##...
#.......#######.###.##..
#.......†.†.......##.#..
#.......#######.#.#.###.
........................
#.....5@....####...####.
##.####h###.####...####.
# .5# #.............
.... .#####.###### #.#.#
#.# # ....... #.# #
..#.#.#. #.# ###
.......... #.# #.. #.#
#.#


You could see an iron imp (summoned), Natasha (fast) and a shadow imp
(summoned).

Vanquished Creatures
  Natasha (twice) (D:2)
  2 adders (D:2)
  2 dart slugs (D:2)
  A giant cockroach (D:1)
  5 goblins
  2 hobgoblins
  2 jackals (D:2)
  A quokka (D:2)
  2 ball pythons
  A frilled lizard (D:2)
  2 kobolds (D:1)
  8 rats
30 creatures vanquished.

Notes
Turn   | Place    | Note
-------+----------+-------------------------------------------
     0 | D:1      | Froggeryz the Gargoyle Monk began the quest for the Orb.
     0 | D:1      | Reached XP level 1. HP: 14/14 MP: 1/1
   273 | D:1      | Reached XP level 2. HP: 12/19 MP: 2/2
   649 | D:1      | Reached skill level 1 in Armour
   931 | D:2      | Noticed Natasha
   936 | D:2      | Reached XP level 3. HP: 23/23 MP: 3/3
   941 | D:2      | Killed Natasha
   941 | D:2      | Reached skill level 4 in Unarmed Combat
  1068 | D:2      | Noticed Natasha
  1088 | D:2      | Reached XP level 4. HP: 21/28 MP: 4/4
  1094 | D:2      | Killed Natasha
  1297 | D:2      | Noticed Natasha
  1314 | D:2      | Killed from afar by Natasha

Illustrated notes

Levels and vault maps discovered:
D:1:      scummos_arrival_star, layout_basic, grunt_decor_clamped
D:2:      layout_loops_ring, serial_glass, glass_columns_c, glass_columns_a,
          uniq_natasha

Skill      XL: |  1  2  3 |
---------------+----------+-----
Armour         | 1 2 |  2.3
Unarmed Combat | 4 |  4.6
Fighting       | |  3.2
Dodging        | |  2.4
Stealth        | |  2.1

Action                   |  1- 3 |  4- 6 || total
-------------------------+-------+-------++-------
Melee: Unarmed           |   103 |    34 ||   137
       Punch             |     2 |       ||     2
 Stab: Sleeping          |     1 |       ||     1
  Eat: Chunk             |     1 |       ||     1
Armor: Robe              |    17 |       ||    17
       Leather armour    |    24 |     8 ||    32
Dodge: Dodged            |    53 |    23 ||    76
